 Dungeon Crawl Stone Soup version 0.15-a0-2293-g46567fe (webtiles) character file.

967488 Bloax the Minotaur Arbalest (level 27, 0/270 (273) HPs)
             Began as a Minotaur Hunter on July 27, 2014.
             Was the Champion of Cheibriados.
             Killed from afar by a balrug (3 damage)
             ... with a fireball
             ... summoned by Cerebov
             ... in Pandemonium.
             The game lasted 06:22:46 (84093 turns).

Bloax the Minotaur Arbalest (Minotaur Hunter)      Turns: 84093, Time: 06:22:46

HP   0/270 (273) AC 57     Str 44      XL: 27
MP  23/30        EV 37     Int 21 (23) God: Cheibriados [******]
Gold 5632        SH  0     Dex 29      Spells: 10 memorised, 11 levels left

rFire  + . .     SeeInvis .     w - +9 triple crossbow (velocity)
rCold  + + +     Clarity  +     n - +12 gold dragon armour
rNeg   + . .     rCorr    .     (no shield)
rPois  +         rRot     .     j - +2 hat {rC+}
rElec  .         Spirit   .     A - +2 cloak {rC+}
SustAb .         Warding  +     g - +3 pair of gauntlets of War {Slay+5}
rMut   .         Stasis   .     h - +1 pair of boots
Gourm  .                        X - brooch of Shielding {Ward rN+ AC+4 EV+4}
MR     ++...                    e - ring "Cliakepu" {+Fly rPois Slay+5 Stlth+}
                                Y - ring of protection from fire

@: fire vulnerable, regenerating, very slow, very resistant to hostile
enchantments, extremely unstealthy
A: retaliatory headbutt, horns 2, clarity, fast metabolism 2, low mp 1,
screaming 1, strong 1, forlorn
a: Bend Time, Temporal Distortion, Slouch, Step From Time, Renounce Religion,
Evoke Flight
}: 7/15 runes: barnacled, slimy, silver, abyssal, demonic, magical, gossamer


You were in Pandemonium.
You worshipped Cheibriados.
Cheibriados was exalted by your worship.
You were not hungry.

You visited 10 branches of the dungeon, and saw 59 of its levels.
You visited Pandemonium 3 times, and saw 23 of its levels.
You visited the Abyss 4 times.
You visited 1 Ziggurat, and saw 19 of its levels.
You also visited: Bailey, Ice Cave and Wizlab.

You collected 8612 gold pieces.
You spent 2980 gold pieces at shops.


Innate Abilities, Weirdness & Mutations

You reflexively headbutt those who attack you in melee.
You have a pair of horns on your head.
You possess an exceptional clarity of mind.
You have a very fast metabolism.
Your magical capacity is low (-10% MP).
You occasionally shout uncontrollably at your foes.
Your muscles are strong. (Str +2)
You have difficulty communicating with the divine.


   Skills:
 O Level 27 Fighting
   Level 2.2(7.8) Short Blades
 - Level 16.8 Long Blades
   Level 13.3(14.4) Maces & Flails
   Level 10.5(12.0) Polearms
 - Level 13.1(14.8) Staves
 O Level 27 Crossbows
 - Level 26.5 Armour
 - Level 22.6 Dodging
 - Level 0.7 Stealth
 - Level 15.1 Shields
 + Level 7.7 Spellcasting
 - Level 7.0 Charms
 - Level 8.5 Necromancy
 + Level 16.6 Translocations
 - Level 12.6 Invocations
 - Level 7.0 Evocations


You had 11 spell levels left.
You knew the following spells:

 Your Spells              Type           Power        Failure   Level  Hunger
a - Summon Butterflies    Summ           #.......     30%         1    None
b - Regeneration          Chrm/Necr      #####.....   3%          3    None
c - Shroud of Golubria    Chrm/Tloc      ######....   1%          2    None
d - Control Teleport      Chrm/Tloc      ######....   1%          4    ###....
e - Controlled Blink      Tloc           N/A          24%         7    #######
f - Phase Shift           Tloc           ######....   1%          5    ####...
g - Blink                 Tloc           N/A          1%          2    None
h - Apportation           Tloc           ######....   1%          1    None
i - Portal Projectile     Tloc           ######       1%          3    None
j - Repel Missiles        Chrm/Air       ###...       12%         2    None


Dungeon Overview and Level Annotations

Branches:
Dungeon (15/15)            Temple (1/1) D:4             Orc (4/4) D:9
    Elf (0/3) Orc:3          Lair (8/8) D:8          Shoals (5/5) Lair:4
 Spider (5/5) Lair:6        Slime (6/6) Lair:7       Vaults (5/5) D:13
  Crypt (0/3) Vaults:3        Zot (5/5) Depths:5     Depths (5/5) D:15

Altars:
Ashenzari
Cheibriados
Dithmenos
Fedhas
Gozag
Kikubaaqudgha
Makhleb
Nemelex Xobeh
Okawaru
Qazlal
Trog
Xom
Yredelemnul
Zin
The Shining One
Beogh
Jiyva

Shops:
D:12 }   Orc:4 [(*=   Shoals:1 *   Shoals:2 (   Vaults:2 *   Vaults:4 ?
Vaults:5 [   Depths:3 *

Portals:
Hell: Depths:1 Depths:2 Depths:3 Depths:4 Depths:5
Abyss: Depths:3 Depths:4 Depths:5
Pandemonium: Depths:1 Depths:3

Annotations:
D:12 omfg liches
Vaults:5 1 exclusion
Zot:3 exclusion: storm dragon
Pan Cerebov

Inventory:

Hand weapons
 b - the +8 demon blade "Leech" {vamp, rN+ AC-2 EV-2 Str-2 Dex-2 Int-2}
   (You found it on level 6 of the Pits of Slime)

   It inflicts no extra harm, but heals its wielder somewhat when it strikes a
   living foe.
   It affects your AC (-2).
   It affects your evasion (-2).
   It affects your strength (-2).
   It affects your intelligence (-2).
   It affects your dexterity (-2).
   It protects you from negative energy.
 w - a +9 triple crossbow of velocity (weapon)
   (You found it on level 4 of the Vaults)
 y - the +3 Elemental Staff {rElec rF++ rC++ MR++ AC+5}
   (You found it on level 19 of a ziggurat)

   It affects your AC (+5).
   It greatly protects you from fire.
   It greatly protects you from cold.
   It insulates you from electricity.
   It affects your resistance to hostile enchantments.
 z - the +7 lajatang of Order {silver, rMut}
   (You found it on level 15 of a ziggurat)
 N - the +7 Singing Sword
   (You found it on level 18 of a ziggurat)
Missiles
 c - 1192 bolts
 E - 66 silver bolts
 F - 47 steel bolts
 I - 33 bolts of frost (quivered)
Armour
 g - the +3 pair of gauntlets of War (worn) {Slay+5}
   (You found it on level 2 of a ziggurat)

   It affects your accuracy and damage with ranged weapons and melee attacks
   (+5).
 h - a +1 pair of boots (worn)
   (You found it on level 1 of the Dungeon)
 j - a +2 hat of cold resistance (worn)
   (You found it in an ice cave)
 n - a +12 gold dragon armour (worn)
   (You found it on level 2 of the Realm of Zot)
 A - a +2 cloak of cold resistance (worn)
   (You found it in an ice cave)
 O - the +18 shield of the gong {rElec rN+ MR+ EV-5}
   (You found it on level 6 of the Pits of Slime)

   It affects your evasion (-5).
   It insulates you from electricity.
   It protects you from negative energy.
   It affects your resistance to hostile enchantments.
Magical devices
 i - a wand of digging (8)
   (You took it off a hobgoblin on level 6 of the Dungeon)
 B - a wand of teleportation (3)
   (You found it on level 4 of the Realm of Zot)
 L - a wand of teleportation (6)
   (You bought it in a shop on level 4 of the Orcish Mines)
Comestibles
 f - 20 bread rations
 q - 33 fruits
 r - 19 meat rations
Scrolls
 a - 10 scrolls of fog
 u - a scroll of summoning
 v - 26 scrolls of teleportation
 D - 34 scrolls of remove curse
 H - 13 scrolls of recharging
 M - 18 scrolls of identify
 P - 10 scrolls of vulnerability
 R - 8 scrolls of magic mapping
 T - 4 scrolls of holy word
 V - 6 scrolls of blinking
Jewellery
 d - the ring of Shadows {Umbra +Inv rN+ SInv}
   (You found it on level 13 of a ziggurat)

   [ring of invisibility]

   It protects you from negative energy.
   It enhances your eyesight.
   It lets you turn invisible.
 e - the ring "Cliakepu" (right hand) {+Fly rPois Slay+5 Stlth+}
   (You found it on level 8 of a ziggurat)

   [ring of stealth]

   It affects your accuracy and damage with ranged weapons and melee attacks
   (+5).
   It protects you from poison.
   It lets you fly.
   It makes you more stealthy.
 s - an uncursed ring of teleportation
   (You bought it in a shop on level 4 of the Orcish Mines)
 C - an uncursed ring of protection from magic
   (You found it on level 2 of the Shoals)
 G - an uncursed amulet of clarity
   (You found it on level 13 of the Dungeon)
 Q - the amulet of Qeeradd {Stasis Int+2}
   (You took it off an ironbrand convoker on level 5 of the Vaults)

   [amulet of stasis]

   It prevents you from being teleported, slowed, hasted or paralysed.
   It affects your intelligence (+2).
 S - an uncursed ring of regeneration
   (You found it in Pandemonium)
 U - the amulet of Skic {rMut Int+1}
   (You found it on level 6 of a ziggurat)

   [amulet of resist mutation]

   It protects you from mutation.
   It affects your intelligence (+1).
 X - the brooch of Shielding (around neck) {Ward rN+ AC+4 EV+4}
   (You found it on level 4 of the Depths)

   [amulet of warding]

   It may prevent the melee attacks of summoned creatures.
   It affects your AC (+4).
   It affects your evasion (+4).
   It protects you from negative energy.
 Y - a ring of protection from fire (left hand)
   (You bought it in a shop on level 4 of the Orcish Mines)
Potions
 k - 9 potions of agility
 l - 11 potions of heal wounds
 m - 5 potions of magic
 o - 28 potions of curing
 p - 4 potions of cancellation
 t - 6 potions of resistance
 J - 12 potions of restore abilities
 K - 14 potions of cure mutation
 W - 12 potions of might

............................#
............................#
....................#####...#
##..##..##..##..##..#...#...#
##################### . #...#
.. .................#...#...#
#### ## ##########.+####...#
###################...##....#
..#...........2&@v###.#.....#
#.#..#####....ยค##### .##.
..# ..#..#. .##''(##...##
##....#
#.#..#....#.(.#....##. ... .#
..#..#...(6........##.# ....#
#.#..#.............##.## ..#
..'..#.........2...##.#.....#
#.####+##..2....##+# .# ....#
..#..#..#.#..&#.#..##.##. ..#


You could see Cerebov (wandering), a monstrous demonspawn, a balrug and a fire
vortex (wandering).


Message History

You shoot a bolt of frost. The bolt of frost hits Cerebov!
Cerebov is heavily wounded.
You feel less vulnerable to fire.
Cerebov hits you with a great serpentine sword!!
The balrug gestures at you. Something smites you! Cerebov gestures at you.
A raging storm of fire appears!
The great blast of fire engulfs you! You partially resist.
The great blast of fire engulfs Cerebov.
Cerebov partially resists.
The great blast of fire engulfs the balrug.
The balrug partially resists.
Unknown command.
Firing (i - inventory. (,) - cycle):
I - 37 bolts of frost (quivered)
Aim: Cerebov, wielding a great serpentine sword (flame, heavily wounded, fast, hasn't noticed you)
You shoot a bolt of frost. The bolt of frost hits Cerebov!!
Cerebov is severely wounded.
You are engulfed in roaring flames.
You resist.
Cerebov drinks a potion.
Cerebov is healed!
Unknown command.
Firing (i - inventory. (,) - cycle):
I - 36 bolts of frost (quivered)
Aim: Cerebov, wielding a great serpentine sword (flame, severely wounded, fast)
You shoot a bolt of frost. The bolt of frost hits Cerebov!
Cerebov is severely wounded.
You are engulfed in roaring flames.
You resist. Cerebov completely misses you. You furiously retaliate!
You headbutt Cerebov, but do no damage. The balrug gestures at you.
The bolt of fire hits Cerebov.
Cerebov completely resists.
The bolt of fire misses you.
Firing (i - inventory. (,) - cycle):
I - 35 bolts of frost (quivered)
Aim: Cerebov, wielding a great serpentine sword (flame, severely wounded, fast, hasn't noticed you)
You shoot a bolt of frost. The bolt of frost hits Cerebov!!!
Cerebov is severely wounded.
You are engulfed in roaring flames.
You resist.
You feel less vulnerable to fire. Cerebov gestures at you.
The iron shot hits you!
* * * LOW HITPOINT WARNING * * *
Cerebov hits you with a great serpentine sword!!
* * * LOW HITPOINT WARNING * * *
Cerebov burns you.
* * * LOW HITPOINT WARNING * * *
Unknown command.
Firing (i - inventory. (,) - cycle):
I - 34 bolts of frost (quivered)
Aim: Cerebov, wielding a great serpentine sword {flame} (severely wounded, fast)
You shoot a bolt of frost. The bolt of frost hits Cerebov!!!
Cerebov is almost dead.
Cerebov closely misses you. The balrug gestures at you.
The fireball explodes!
The fireball engulfs Cerebov.
Cerebov completely resists.
The fireball engulfs the balrug.
The balrug completely resists.
The fireball engulfs you! You resist.
* * * LOW HITPOINT WARNING * * *
Unknown command.
Use which ability? (? or * to list)
You can feel time thicken for a moment.
You feel somewhat more hungry. Cerebov gestures at you.
A raging storm of fire appears!
The great blast of fire engulfs you! You partially resist.
* * * LOW HITPOINT WARNING * * *
The great blast of fire engulfs Cerebov.
Cerebov partially resists.
The great blast of fire engulfs the balrug.
The balrug partially resists.
The balrug gestures at you.
The fireball explodes!
The fireball engulfs Cerebov.
Cerebov completely resists.
The fireball engulfs the balrug.
The balrug completely resists.
The fireball engulfs you! You resist.
You die...

Action                   |  1- 3 |  4- 6 |  7- 9 | 10-12 | 13-15 | 16-18 | 19-21 | 22-24 | 25-27 || total
-------------------------+-------+-------+-------+-------+-------+-------+-------+-------+-------++-------
Melee: Short sword       |    70 |     4 |       |       |       |       |       |       |       ||    74
       Cutlass           |       |    58 |       |       |       |       |       |       |       ||    58
       Dagger            |       |   123 |   126 |       |       |       |       |       |       ||   249
       Whip              |       |       |   237 |    97 |       |       |       |       |       ||   334
       Flail             |       |       |    23 |   340 |   296 |       |       |       |       ||   659
       Trident           |       |       |       |       |   760 |  1373 |   237 |       |       ||  2370
       Great sword       |       |       |       |       |       |     8 |       |       |       ||     8
       Arbalest          |       |       |       |       |       |       |     1 |       |       ||     1
       Lajatang          |       |       |       |       |       |       |       |       |   616 ||   616
       Demon blade       |       |       |       |       |       |       |       |       |   522 ||   522
       Bastard sword     |       |       |       |       |       |       |       |       |   202 ||   202
       Triple crossbow   |       |       |       |       |       |       |       |       |     8 ||     8
 Fire: Hand crossbow     |    11 |    27 |    44 |    67 |    26 |       |       |       |       ||   175
       Arbalest          |       |       |       |       |    92 |   318 |  1511 |    30 |       ||  1951
       Triple crossbow   |       |       |       |       |       |       |       |  1017 |  1952 ||  2969
Throw: Tomahawk          |       |       |       |    22 |       |       |       |       |       ||    22
 Cast: Regeneration      |       |       |       |     4 |    33 |       |       |    29 |    76 ||   142
       Summon Butterflie |       |       |       |       |       |       |       |     1 |       ||     1
       Apportation       |       |       |       |       |       |       |       |       |    25 ||    25
       Blink             |       |       |       |       |       |       |       |       |    33 ||    33
       Portal Projectile |       |       |       |       |       |       |       |       |    17 ||    17
       Control Teleport  |       |       |       |       |       |       |       |       |     3 ||     3
       Repel Missiles    |       |       |       |       |       |       |       |       |     1 ||     1
Invok: Temporal Distorti |       |       |       |     1 |       |     3 |       |     1 |     2 ||     7
       Slouch            |       |       |       |     2 |     4 |     9 |    17 |    10 |    16 ||    58
       Bend Time         |       |       |       |       |       |     1 |       |       |     2 ||     3
 Abil: Evoke Teleport Co |       |       |       |       |       |       |       |       |     4 ||     4
       Evoke Invisibilit |       |       |       |       |       |       |       |       |     1 ||     1
Evoke: Wand              |       |    14 |    12 |     9 |     4 |     8 |    15 |     1 |    28 ||    91
       Phial of floods   |       |       |       |       |       |     2 |     2 |       |       ||     4
       Rod               |       |       |       |       |       |     2 |       |       |       ||     2
  Use: Scroll            |     1 |     7 |     7 |     7 |    23 |    12 |    10 |    17 |    50 ||   134
       Potion            |     1 |     3 |       |     1 |     6 |     3 |     2 |     1 |    15 ||    32
 Stab: Paralysed         |       |       |     6 |     1 |     2 |       |       |       |       ||     9
       Confused          |       |       |     1 |     2 |       |       |       |       |       ||     3
       Distracted        |       |       |       |     1 |     2 |     4 |     1 |       |       ||     8
       Sleeping          |       |       |       |     3 |     1 |       |       |       |       ||     4
       Held in net/web   |       |       |       |       |       |     1 |       |       |       ||     1
  Eat: Chunk             |       |    19 |    13 |       |     8 |     3 |       |       |       ||    43
       Royal jelly       |       |       |       |     2 |     2 |     6 |       |       |     3 ||    13
       Pizza             |       |       |       |     1 |     1 |     1 |     1 |       |     7 ||    11
       Meat ration       |       |       |       |     1 |     2 |     1 |     2 |       |     1 ||     7
       Fruit             |       |       |       |     7 |    10 |     4 |     9 |     5 |    25 ||    60
       Beef jerky        |       |       |       |       |    13 |     8 |     2 |     1 |     3 ||    27
       Bread ration      |       |       |       |       |       |       |     1 |     4 |     6 ||    11

Vault maps used:
D:1:      dpeg_arrival_simpleton_b
D:2:      grunt_temple_overflow_open, uniq_iyjb, uniq_sigmund
D:3:      fedhas_altar_2, uniq_grinder
D:4:      minmay_goblin_kobold_castle, nicolae_overflow_hidden_temple,
          minmay_temple_entry_statues_pillars, kennysheep_generic_room_4
D:5:      first_bread, uniq_duvessa, uniq_pikel
D:6:      zin_statuary, hangedman_decor_lopped
D:7:      uniq_crazy_yiuf_cottage, uniq_edmund
D:8:      david_lair_shrubbed
D:9:      grunt_temple_overflow_cloverleaf, enter_bailey_2
D:10:     uniq_nergalle
D:12:     cheibrodos_lost_city_excavation, serial_shops, shop, uniq_erica
D:13:     grunt_vaults_entry_fortified, uniq_sonja
D:14:     minmay_door_square, basic_altar
D:15:     hangedman_depths_entry_try_elsewhere_first,
          portal_ice_cave_entry_animals_and_master
Temple:   jpeg_temple_alley_garden_8
Orc:1:    special_room, uniq_eustachio
Orc:2:    lemuel_statue_altar
Orc:3:    basic_altar, nicolae_orc_pool_cavern
Orc:4:    basic_altar, grunt_orc_community_town_hall,
          grunt_orc_community_big_house_1, grunt_orc_community_big_house_1,
          grunt_orc_community_house_2, grunt_orc_community_house_3,
          grunt_orc_community_house_3, grunt_orc_community_house_1,
          grunt_orc_community_house_3, grunt_orc_community_house_2,
          uniq_saint_roka
Lair:2:   infiniplex_staircase_pool
Lair:3:   minmay_another_anthill
Lair:4:   elwin_shoals_entry_stream
Lair:5:   minivault_11, bobbens_ice_dragon_lair, grunt_megastairs_2,
          serial_bayou_shore_a
Lair:6:   nicolae_spider_entry_orb_guardian
Lair:7:   minmay_slime_entry_pillars
Lair:8:   guppyfry_lair_end_dragon, hangedman_lair_caniforms_friends
Shoals:1: serial_shops, shop
Shoals:2: serial_shops, shop, lightli_airlock, uniq_polyphemus, uniq_nessos
Shoals:4: uniq_nikola, uniq_wiglaf
Shoals:5: shoals_end_simple, shoals_ilsuiw_alternative, nicolae_shoals_mertower
Spider:1: guppyfry_spider_mini_2, uniq_kirke, uniq_aizul
Spider:2: nicolae_spider_hall_of_the_moth_king
Spider:3: lemuel_wasp_nest, uniq_arachne
Spider:5: grunt_spider_rune_island, spider_trap
Slime:2:  cheibrodos_slime_lost_civilization_6
Slime:4:  cheibrodos_slime_lost_civilization_5
Vaults:1: v_rooms_1, nicolae_vaults_little_squares_2,
          vaults_room_grunt_arrival_ludios, v_misc_14, vaults_room_fours,
          hangedman_vaults_capsules, v_alt_pattern_2, v_misc_19, uniq_norris
Vaults:2: grunt_vaults_diagonal, v_misc_10, nicolae_vaults_circle_grid_a,
          st_more_cells, vaults_room_fours, nicolae_vaults_twisting_passages,
          vaults_room_grid, metal_show, ontoclasm_vaults_chip, v_misc_25,
          hangedman_vaults_trim, nicolae_vaults_diagonal_hallway_8,
          mu_enter_wizlab_2, serial_shops, shop_statue
Vaults:3: v_rooms_2, vaults_dpeg_encased_lava, v_misc_3,
          hangedman_vaults_impose, v_rooms_6, vaults_room_corners, v_misc_10,
          nicolae_vaults_know_your_exits, minmay_crypt_entry_nasty_monster,
          v_alt_pattern_3, ontoclasm_vaults_decontamination,
          nicolae_vaults_angled_halls, vaults_room_pool,
          ontoclasm_vaults_claustrophobia, nicolae_vaults_diagonal_hallway_8,
          v_misc_24, v_misc_9, uniq_sojobo
Vaults:4: nicolae_vaults_yaktaur_gun_rack, vaults_dpeg_cross,
          nicolae_vaults_windows_and_doors_thing, v_pattern_5, serial_ice_b,
          vaults_standard_mumra_lines, nicolae_vaults_little_squares_3,
          ontoclasm_vaults_ring_square, ontoclasm_vaults_eye, vaults_mumra_lcd,
          v_misc_1, serial_shops, nicolae_shop_waterfront, uniq_jorgrun,
          uniq_margery
Vaults:5: serial_shops, uniq_mara
Zot:1:    lemuel_draconian_sentries, grunt_ministairs_11
Zot:2:    circus_mu, st_stairs_9
Zot:5:    stair_cage_line
Abyss:2:  evilmike_abyss_exit_10, evilmike_abyss_exit_glass
Abyss:3:  evilmike_abyss_exit_12, evilmike_abyss_exit_13
Abyss:4:  minivault_19, evilmike_abyss_exit_4, hangedman_abyss_or_decor_clamps,
          evilmike_abyss_exit_3
Abyss:5:  evilmike_abyss_exit_mutagenic, due_exit_kobolds,
          evilmike_abyss_exit_disperse
Pan:      evilmike_mini_pan_other_thingy, pan_blood_fountain_small,
          evilmike_mini_pan_pillars, pan_blood_fountain_small, lom_lobon_st,
          rand_demon_7, rand_demon_5, pan_blood_fountain_small,
          evilmike_mini_pan_other_thingy, rand_demon_4, rand_demon_5,
          rand_demon_5, pan_blood_fountain_small, nicolae_pan_sigil_obb,
          evilmike_mini_pan_branches, lemuel_hellion_island,
          nicolae_pan_gloorx_vloqian_2, rand_demon_4, pan_blood_fountain_small,
          pan_blood_fountain, nicolae_pan_mnolegish_3, nicolae_pan_giant_door,
          grunt_pan_sceptre, grunt_pan_in_and_out, pan_blood_fountain_2,
          enter_ziggurat_pan_a, grunt_pan_spiral, rand_demon_1,
          lemuel_hall_of_pain, rand_demon_8, nicolae_pan_hourglass,
          pan_blood_fountain_small, grunt_pan_pentagram, enter_ziggurat_pan_b,
          rand_demon_8, pan_blood_fountain_small, cerebov_st, uniq_ignacio
Zig:13:   ziggurat_pillar_centre_oklobs
Zig:15:   ziggurat_pillar_centre_dead_trees
Zig:16:   ziggurat_pillar_centre_smoke
Zig:17:   ziggurat_pillar_centre_c
Bailey:   bailey_axe_1, bailey
IceCv:    ice_cave_small_necro
WizLab:   wizlab_eringya
Depths:1: hell_entry, rand_demon_pan_entry_3, kennysheep_nondescript,
          lemuel_flame_loot_1
Depths:2: minmay_connected_boxes_in_corner, hell_entry,
          minmay_misc_feat_pillars, minmay_stone_trees_small,
          hangedman_decor_push, dk_noncrumbling_1,
          minmay_staircase_windowed_large
Depths:3: minmay_fractal_lines_corner, hell_entry, abyss_entry,
          grunt_pan_entry_in_and_out, serial_sigils,
          serial_sigils_hangedman_gut, serial_sigils_hangedman_leer,
          serial_sigils_hangedman_stare, serial_sigils_hangedman_confine,
          serial_sigils_hangedman_shear, nicolae_blasting_shop, firewood_loft
Depths:4: minmay_ornate_pinched, abyss_entry, lightli_too_deep, minivault_16,
          infiniplex_staircase_hallway_doors, uniq_enchantress
Depths:5: evilmike_zot_entry_round, enter_ziggurat_b,
          pf_vacation_house_of_asmodeus, hangedman_abyss_or_decor_stabs,
          minmay_room_of_horrors, lightli_giant_bouncers, basic_stair_grate_trap

Notes
Turn   | Place    | Note
--------------------------------------------------------------
     0 | D:1      | Bloax, the Minotaur Hunter, began the quest for the Orb.
     0 | D:1      | Reached XP level 1. HP: 16/16 MP: 1/1
   240 | D:1      | Reached skill level 2 in Fighting
   240 | D:1      | Reached XP level 2. HP: 24/24 MP: 1/1
   823 | D:2      | Found a basalt altar of Yredelemnul.
   831 | D:2      | Found a shattered altar of Ashenzari.
   832 | D:2      | Found a burning altar of Makhleb.
   881 | D:2      | Reached skill level 5 in Crossbows
   990 | D:2      | Noticed Sigmund
  1014 | D:2      | Killed Sigmund
  1014 | D:2      | Reached skill level 3 in Fighting
  1014 | D:2      | Reached XP level 3. HP: 17/31 MP: 2/2
  1014 | D:2      | Reached XP level 4. HP: 21/39 MP: 2/2
  1657 | D:2      | Reached skill level 4 in Fighting
  1657 | D:2      | Reached XP level 5. HP: 20/46 MP: 2/2
  1669 | D:2      | HP: 11/46 [poisoned by an adder]
  1674 | D:2      | HP: 10/46 [poisoned by an adder]
  1681 | D:2      | HP: 9/46 [poisoned by an adder]
  1689 | D:2      | HP: 8/46 [poisoned by an adder]
  2073 | D:2      | Noticed Ijyb
  2099 | D:2      | Killed Ijyb
  2099 | D:2      | Reached skill level 6 in Crossbows
  2374 | D:3      | Noticed Grinder
  2395 | D:3      | Paralysed by Grinder for 2 turns
  2622 | D:3      | Found a blossoming altar of Fedhas.
  2733 | D:3      | HP: 6/47 [acid (9)]
  3125 | D:4      | Noticed Qrupt's ghost (average HaFi)
  3325 | D:4      | Reached skill level 5 in Fighting
  3325 | D:4      | Reached XP level 6. HP: 46/56 MP: 3/3
  3681 | D:4      | Found a staircase to the Ecumenical Temple.
  3703 | Temple   | Entered the Ecumenical Temple
  3732 | Temple   | Became a worshipper of Cheibriados the Contemplative
  3777 | D:4      | Learned a level 1 spell: Summon Butterflies
  3983 | D:4      | Found a glowing golden altar of the Shining One.
  4135 | D:5      | Entered Level 5 of the Dungeon
  4387 | D:5      | Reached skill level 7 in Crossbows
  4417 | D:5      | Noticed Duvessa
  4417 | D:5      | Noticed Dowan
  4433 | D:5      | HP: 13/57 [Duvessa/short sword (4)]
  4434 | D:5      | HP: 3/57 [Duvessa/short sword (9)]
  4435 | D:4      | HP: 1/57 [poisoned by a kobold]
  4719 | D:5      | Killed Duvessa
  4727 | D:5      | Killed Dowan
  4727 | D:5      | Reached skill level 3 in Dodging
  4727 | D:5      | Reached XP level 7. HP: 36/62 MP: 3/3
  4877 | D:5      | Noticed DeepElves' ghost (average DEIE)
  5825 | D:6      | HP: 15/62 [poisoned by a scorpion]
  5832 | D:6      | HP: 15/62 [poisoned by a scorpion]
  5837 | D:6      | HP: 15/62 [poisoned by a scorpion]
  5843 | D:6      | HP: 15/62 [poisoned by a scorpion]
  5849 | D:6      | HP: 15/62 [poisoned by a scorpion]
  5855 | D:6      | HP: 15/62 [poisoned by a scorpion]
  6314 | D:6      | Reached skill level 1 in Short Blades
  6314 | D:6      | Reached skill level 4 in Dodging
  6465 | D:6      | Reached skill level 2 in Short Blades
  6645 | D:6      | Reached skill level 1 in Evocations
  6678 | D:6      | Reached skill level 5 in Dodging
  6814 | D:6      | Found a glowing silver altar of Zin.
  6916 | D:5      | Noticed Pikel
  6918 | D:5      | wow
  6953 | D:5      | Reached XP level 8. HP: 36/70 MP: 5/5
  7145 | D:5      | Killed Pikel
  7145 | D:5      | Reached skill level 6 in Fighting
  7145 | D:5      | Reached skill level 8 in Crossbows
  7145 | D:5      | Reached skill level 6 in Dodging
  7211 | D:5      | wow
  7249 | D:5      | Reached skill level 1 in Maces & Flails
  7429 | D:5      | Reached skill level 2 in Maces & Flails
  7442 | D:5      | Killed DeepElves' ghost
  7502 | D:5      | Reached skill level 3 in Maces & Flails
  7502 | D:5      | Reached skill level 9 in Crossbows
  7675 | D:4      | Reached skill level 7 in Dodging
  7675 | D:4      | Reached XP level 9. HP: 78/78 MP: 6/6
  7698 | D:4      | Killed Qrupt's ghost
  7885 | D:4      | Reached skill level 4 in Maces & Flails
  7896 | D:4      | Acquired Cheibriados' first power
  8369 | D:4      | Acquired Cheibriados' second power
  8410 | D:4      | Reached skill level 5 in Maces & Flails
  8612 | D:3      | Reached skill level 8 in Dodging
  8671 | D:3      | Paralysed by Grinder for 6 turns
  8679 | D:3      | Paralysed by Grinder for 3 turns
  8684 | D:3      | Paralysed by Grinder for 3 turns
  8688 | D:3      | Killed Grinder
  9092 | D:4      | Reached skill level 10 in Crossbows
  9308 | D:6      | Acquired Cheibriados' third power
  9453 | D:7      | Noticed Edmund
  9464 | D:7      | Reached skill level 6 in Maces & Flails
  9464 | D:7      | Reached skill level 1 in Invocations
  9467 | D:7      | Killed Edmund
  9539 | D:7      | Noticed Crazy Yiuf
  9549 | D:7      | Killed Crazy Yiuf
  9686 | D:7      | Reached XP level 10. HP: 42/84 MP: 6/6
  9692 | D:7      | Reached skill level 9 in Dodging
  9694 | D:7      | Reached skill level 2 in Invocations
 10179 | D:8      | Reached skill level 1 in Armour
 10229 | D:8      | Found a staircase to the Lair.
 10246 | D:8      | Reached skill level 7 in Maces & Flails
 10352 | D:8      | Reached skill level 2 in Armour
 10356 | D:8      | Reached skill level 3 in Invocations
 10926 | D:9      | Reached skill level 7 in Fighting
 10994 | D:9      | Reached skill level 3 in Armour
 11016 | D:9      | Reached skill level 4 in Invocations
 11025 | D:9      | Reached skill level 8 in Maces & Flails
 11062 | D:9      | Found a sparkling altar of Nemelex Xobeh.
 11131 | D:9      | Reached skill level 4 in Armour
 11168 | D:9      | Found a flagged portal.
 11188 | Bailey   | Entered a bailey
 11373 | Bailey   | Noticed an orc knight
 11383 | Bailey   | Killed an orc knight
 11383 | Bailey   | Reached skill level 8 in Fighting
 11420 | Bailey   | Reached XP level 11. HP: 72/94 MP: 13/13
 11543 | D:9      | Noticed Gekot's ghost (experienced DECj)
 11553 | D:9      | Killed Gekot's ghost
 11553 | D:9      | Reached skill level 5 in Armour
 11553 | D:9      | Reached skill level 5 in Invocations
 11619 | D:9      | Found a staircase to the Orcish Mines.
 11740 | D:9      | Found an iron altar of Okawaru.
 11743 | D:9      | Found an ancient bone altar of Kikubaaqudgha.
 11757 | D:9      | Found a stormy altar of Qazlal.
 11999 | D:10     | Entered Level 10 of the Dungeon
 12098 | D:10     | Noticed Nergalle
 12104 | D:10     | Killed Nergalle
 12104 | D:10     | Reached skill level 9 in Maces & Flails
 12549 | D:10     | Reached skill level 6 in Armour
 12722 | D:10     | Reached skill level 6 in Invocations
 13000 | D:11     | Noticed a hill giant
 13015 | D:11     | Killed a hill giant
 13015 | D:11     | Reached skill level 7 in Invocations
 13066 | D:11     | Noticed a hill giant
 13076 | D:11     | Killed a hill giant
 13222 | D:11     | Reached skill level 8 in Invocations
 13281 | D:11     | Learned a level 3 spell: Regeneration
 13284 | D:11     | Learned a level 2 spell: Shroud of Golubria
 13512 | D:11     | Noticed a hill giant
 13521 | D:11     | Killed a hill giant
 13521 | D:11     | Reached skill level 10 in Dodging
 14037 | D:12     | Reached skill level 7 in Armour
 14120 | D:12     | Noticed a five-headed hydra
 14124 | D:12     | Killed a five-headed hydra
 14124 | D:12     | Reached XP level 12. HP: 86/103 MP: 20/20
 14206 | D:12     | Reached skill level 10 in Maces & Flails
 14294 | D:12     | Noticed a hill giant
 14298 | D:12     | Killed a hill giant
 14298 | D:12     | Reached skill level 9 in Fighting
 14308 | D:12     | Found Phoalir's Gadget Emporium.
 14514 | D:12     | Noticed an eight-headed hydra
 14526 | D:12     | Killed an eight-headed hydra
 14692 | D:12     | Noticed Erica
 14703 | D:12     | Killed Erica
 14703 | D:12     | Reached skill level 8 in Armour
 14952 | D:12     | Reached skill level 11 in Dodging
 15201 | D:12     | Noticed a wizard
 15224 | D:12     | Reached skill level 11 in Maces & Flails
 15272 | D:12     | Killed a wizard
 15272 | D:12     | Reached skill level 9 in Armour
 15287 | D:12     | Noticed a lich
 15287 | D:12     | Noticed a lich
 15290 | D:12     | Cast into the Abyss (lich)
 15490 | Abyss:1  | Noticed a tentacled starspawn
 15490 | Abyss:1  | Noticed a tentacled starspawn
 15497 | Abyss:1  | Killed a tentacled starspawn
 15497 | Abyss:1  | Reached skill level 1 in Charms
 15497 | Abyss:1  | Reached skill level 1 in Necromancy
 15502 | Abyss:1  | Killed a tentacled starspawn
 15502 | Abyss:1  | Reached skill level 2 in Necromancy
 15541 | Abyss:1  | Noticed a starcursed mass
 15550 | Abyss:1  | Killed a starcursed mass
 15556 | Abyss:1  | Killed a starcursed mass
 15556 | Abyss:1  | Reached XP level 13. HP: 58/111 MP: 21/21
 15557 | Abyss:1  | Killed a starcursed mass
 15559 | Abyss:1  | Killed a starcursed mass
 15562 | Abyss:1  | Killed a starcursed mass
 15603 | Abyss:1  | Noticed a tentacled starspawn
 15611 | Abyss:1  | Killed a tentacled starspawn
 15611 | Abyss:1  | Reached skill level 12 in Maces & Flails
 15611 | Abyss:1  | Reached skill level 11 in Crossbows
 15611 | Abyss:1  | Reached skill level 2 in Charms
 15662 | Abyss:1  | Noticed a tentacled starspawn
 15671 | Abyss:1  | Killed a tentacled starspawn
 15700 | Abyss:1  | Noticed a lich
 15701 | Abyss:1  | Reached skill level 3 in Necromancy
 15706 | Abyss:1  | HP: 27/111 [large abomination (3)]
 15707 | Abyss:1  | Killed a lich
 15707 | Abyss:1  | Reached skill level 3 in Charms
 15955 | Abyss:2  | Reached skill level 13 in Maces & Flails
 15955 | Abyss:2  | Reached skill level 12 in Crossbows
 15969 | Abyss:2  | Found a corrupted altar of Lugonu.
 16428 | Abyss:2  | Noticed a tentacled starspawn
 16447 | Abyss:2  | Killed a tentacled starspawn
 16651 | Abyss:2  | Reached XP level 14. HP: 72/119 MP: 21/21
 16705 | D:12     | Escaped the Abyss
 16705 | D:12     | HP: 24/119 [lich/bolt of negative energy (31)]
 16770 | D:13     | Reached skill level 10 in Fighting
 17160 | D:13     | Reached skill level 10 in Armour
 17162 | D:13     | Gained mutation: Your mind is acute. (Int +2) [potion of beneficial mutation]
 17163 | D:13     | Gained mutation: You are partially covered in icy blue scales (AC +1). [potion of beneficial mutation]
 17212 | D:13     | Reached skill level 13 in Crossbows
 17529 | D:13     | Noticed Sonja
 17534 | D:13     | Killed Sonja
 18044 | Lair:1   | Entered Level 1 of the Lair of Beasts
 18060 | Lair:1   | Reached skill level 11 in Fighting
 18268 | Lair:1   | Reached skill level 11 in Armour
 18321 | Lair:1   | Got a fine trident
 18322 | Lair:1   | Identified the +10 trident of Offence {pain, *Rage rPois MR++ Str+1 Dex+2 Int+2} (You found it on level 1 of the Lair of Beasts)
 18323 | Lair:1   | wow are you serious
 18585 | Lair:1   | Reached skill level 1 in Polearms
 19208 | Lair:2   | Reached skill level 2 in Polearms
 19574 | Lair:2   | Reached skill level 3 in Polearms
 19574 | Lair:2   | Reached skill level 4 in Necromancy
 19725 | Lair:2   | Reached skill level 14 in Crossbows
 20076 | Lair:3   | Reached skill level 4 in Polearms
 20954 | Lair:4   | Reached skill level 5 in Polearms
 21026 | Lair:4   | Gained mutation: You have difficulty communicating with the divine. [potion of mutation]
 21026 | Lair:4   | Gained mutation: You are weak. (Str -2) [potion of mutation]
 21026 | Lair:4   | Gained mutation: You have sharp toenails. [potion of mutation]
 21027 | Lair:4   | Lost mutation: Your mind is acute. (Int +2) [potion of cure mutation]
 21027 | Lair:4   | Lost mutation: You have difficulty communicating with the divine. [potion of cure mutation]
 21027 | Lair:4   | Lost mutation: You have sharp toenails. [potion of cure mutation]
 21030 | Lair:4   | Lost mutation: You are weak. (Str -2) [potion of cure mutation]
 21030 | Lair:4   | Lost mutation: You are partially covered in icy blue scales (AC +1). [potion of cure mutation]
 21189 | Lair:4   | Found a staircase to the Shoals.
 21480 | Lair:4   | Reached XP level 15. HP: 130/130 MP: 22/22
 22036 | Lair:5   | Reached skill level 5 in Necromancy
 22247 | Lair:5   | Reached skill level 6 in Polearms
 22707 | Lair:5   | Got a heavily runed glass ring
 22708 | Lair:5   | Identified the ring of the Six Hells {Dex+3 Stlth+} (You found it on level 5 of the Lair of Beasts)
 23410 | Lair:6   | Found a hole to the Spider Nest.
 23488 | Lair:6   | Reached skill level 7 in Polearms
 24401 | Lair:7   | Reached skill level 12 in Armour
 24565 | Lair:7   | Found a staircase to the Slime Pits.
 24575 | Lair:7   | Reached skill level 15 in Crossbows
 24972 | Lair:7   | Reached skill level 8 in Polearms
 25033 | Lair:8   | Entered Level 8 of the Lair of Beasts
 25592 | Lair:8   | Reached skill level 9 in Polearms
 25991 | Lair:8   | Reached skill level 13 in Armour
 26270 | Lair:8   | Reached XP level 16. HP: 137/137 MP: 23/23
 26973 | Orc:1    | Entered Level 1 of the Orcish Mines
 27176 | Orc:1    | Noticed Eustachio
 27180 | Orc:1    | Killed Eustachio
 27221 | Orc:1    | HP: 18/137 [orc knight/dire flail (24)]
 27641 | Orc:1    | Reached skill level 10 in Polearms
 28168 | Orc:3    | Found a staircase to the Elven Halls.
 28526 | Orc:3    | Found a shimmering altar of Xom.
 28606 | Orc:4    | Entered Level 4 of the Orcish Mines
 28633 | Orc:4    | Noticed Saint Roka
 28715 | Orc:3    | Killed Saint Roka
 29022 | Orc:4    | Found a shimmering altar of Xom.
 29193 | Orc:4    | Found a roughly hewn altar of Beogh.
 29299 | Orc:4    | Found a roughly hewn altar of Beogh.
 29302 | Orc:4    | Reached skill level 16 in Crossbows
 29717 | Orc:4    | Found a roughly hewn altar of Beogh.
 29774 | Orc:4    | Found a roughly hewn altar of Beogh.
 29774 | Orc:4    | Found Qoxamiro's General Store.
 29790 | Orc:4    | Reached skill level 12 in Dodging
 29853 | Orc:4    | Bought a potion of might for 40 gold pieces
 30011 | Orc:4    | Found Xatah's Antique Weapon Boutique.
 30013 | Orc:4    | Found Mabbel's Antique Armour Shop.
 30056 | Orc:4    | Found a roughly hewn altar of Beogh.
 30089 | Orc:4    | Found a roughly hewn altar of Beogh.
 30109 | Orc:4    | Found Utuofoug's Jewellery Emporium.
 30118 | Orc:4    | Bought an uncursed ring of protection from cold for 300 gold pieces
 30118 | Orc:4    | Bought an uncursed ring of protection from fire for 300 gold pieces
 30118 | Orc:4    | Bought a +4 ring of protection for 432 gold pieces
 30118 | Orc:4    | Bought an uncursed amulet of resist mutation for 480 gold pieces
 30129 | Orc:4    | Bought a cursed -3 ring of dexterity for 24 gold pieces
 30131 | Orc:4    | Bought a cursed ring of teleportation for 174 gold pieces
 30387 | Orc:4    | Bought a wand of teleportation (6) for 480 gold pieces
 30909 | Spider:1 | Entered Level 1 of the Spider Nest
 30909 | Spider:1 | Noticed Kirke
 30909 | Spider:1 | Noticed Aizul
 30927 | Lair:6   | Killed Aizul
 31117 | Spider:1 | Reached skill level 12 in Fighting
 31127 | Spider:1 | Killed Kirke
 31761 | Spider:1 | Identified a scroll of acquirement
 33152 | Spider:2 | Reached skill level 17 in Crossbows
 33160 | Spider:2 | Reached skill level 13 in Fighting
 33325 | Spider:2 | Reached XP level 17. HP: 149/149 MP: 24/24
 33366 | Spider:3 | Reached skill level 13 in Dodging
 33498 | Spider:3 | Noticed Arachne
 33510 | Spider:3 | Killed Arachne
 34854 | Spider:5 | Entered Level 5 of the Spider Nest
 34868 | Spider:5 | Reached skill level 14 in Fighting
 35264 | Spider:5 | Reached skill level 14 in Dodging
 36116 | Spider:5 | wow cheap
 36144 | Spider:5 | Reached skill level 9 in Invocations
 36149 | Spider:5 | Reached skill level 18 in Crossbows
 36202 | Spider:5 | Got a gossamer rune of Zot
 36621 | Spider:5 | Reached skill level 15 in Fighting
 36670 | Spider:5 | Reached XP level 18. HP: 136/163 MP: 27/27
 36994 | Shoals:1 | Entered Level 1 of the Shoals
 37317 | Shoals:1 | Found Noantoottad's General Store.
 37723 | Shoals:1 | Reached skill level 10 in Invocations
 38051 | Shoals:2 | Found Psilejod's Antique Weapon Shoppe.
 38145 | Shoals:2 | Noticed Polyphemus
 38153 | Shoals:2 | Killed Polyphemus
 38153 | Shoals:2 | Reached skill level 14 in Armour
 38680 | Shoals:2 | Identified a +5 rod of clouds (14/14) (You found it on level 2 of the Shoals)
 38760 | Shoals:2 | Noticed Nessos
 38768 | Shoals:2 | Killed Nessos
 38825 | Shoals:2 | Reached skill level 16 in Fighting
 40817 | Shoals:4 | Noticed Nikola
 40824 | Shoals:4 | Killed Nikola
 40825 | Shoals:4 | Reached skill level 15 in Dodging
 40967 | Shoals:4 | Reached skill level 15 in Armour
 41189 | Shoals:4 | Noticed Wiglaf
 41209 | Shoals:4 | Killed Wiglaf
 41321 | Shoals:5 | Entered Level 5 of the Shoals
 41353 | Shoals:5 | Reached XP level 19. HP: 171/174 MP: 28/28
 41492 | Shoals:5 | Got a barnacled rune of Zot
 41731 | Shoals:5 | Reached skill level 17 in Fighting
 42813 | Shoals:5 | Noticed Ilsuiw
 42819 | Shoals:5 | Killed Ilsuiw
 42834 | Shoals:5 | Reached skill level 16 in Armour
 42834 | Shoals:5 | Reached skill level 16 in Dodging
 43862 | D:12     | Killed a lich
 43914 | D:12     | Killed a lich
 44173 | D:13     | Found a gate to the Vaults.
 44391 | D:14     | Found an iron altar of Okawaru.
 44576 | D:14     | Identified Iskenderun's Tome of Conjuration (You found it on level 14 of the Dungeon)
 44865 | D:15     | Entered Level 15 of the Dungeon
 44874 | D:15     | Reached skill level 18 in Fighting
 44924 | D:15     | Reached skill level 19 in Crossbows
 45066 | D:15     | Found a frozen archway.
 45089 | IceCv    | Entered an ice cave
 45277 | IceCv    | Found an ancient bone altar of Kikubaaqudgha.
 46376 | D:15     | Found a staircase to the Depths.
 46658 | Vaults:1 | Entered Level 1 of the Vaults
 46911 | Vaults:1 | Reached XP level 20. HP: 189/189 MP: 28/28
 47203 | Vaults:1 | Noticed Norris
 47214 | Vaults:1 | Killed Norris
 47361 | Vaults:1 | Reached skill level 19 in Fighting
 47498 | Vaults:1 | Learned a level 4 spell: Control Teleport
 48582 | Vaults:2 | Found Twoutt's Assorted Antiques.
 48603 | Vaults:2 | Bought a crooked bronze wand for 144 gold pieces
 48603 | Vaults:2 | Bought a scroll of enchant armour for 270 gold pieces
 48618 | Vaults:2 | Found a magical portal.
 48627 | WizLab   | Entered Eringya's Formal Garden
 48630 | WizLab   | Reached skill level 17 in Armour
 48786 | WizLab   | Identified a +2 rod of ignition (12/12) (You found it in a wizard's laboratory)
 48940 | WizLab   | Found a blossoming altar of Fedhas.
 48951 | WizLab   | Reached skill level 17 in Dodging
 48970 | WizLab   | Identified Advanced Steps in Witchery
 48973 | WizLab   | Identified Sif Muna's Handbook of the Ashen Glacier
 48986 | WizLab   | Identified The Foundations of Spellweaving
 48989 | WizLab   | Identified Kikubaaqudgha's Disquisition on Darkness
 49781 | Vaults:2 | Noticed Erolcha
 49785 | Vaults:2 | Killed Erolcha
 49794 | Vaults:2 | Reached XP level 21. HP: 110/196 MP: 20/29
 49854 | Vaults:2 | Noticed Snorg
 49866 | Vaults:2 | Noticed Louise
 49867 | Vaults:2 | Killed Snorg
 49867 | Vaults:2 | Reached skill level 18 in Armour
 49901 | Vaults:2 | Reached skill level 20 in Crossbows
 49923 | Vaults:2 | Killed Louise
 50344 | Vaults:2 | Reached skill level 18 in Dodging
 51007 | Vaults:3 | Noticed Sojobo
 51432 | Vaults:3 | HP: 49/200 [Sojobo/great sword of electrocution (5)]
 51434 | Vaults:3 | Killed Sojobo
 51852 | Vaults:3 | Reached skill level 20 in Fighting
 52402 | Vaults:3 | Learned a level 7 spell: Controlled Blink
 52680 | Vaults:3 | Found a staircase to the Crypt.
 53405 | Vaults:4 | Noticed Margery
 53425 | Vaults:4 | HP: 46/202 [Margery/fireball (14)]
 53430 | Vaults:4 | Killed Margery
 53871 | Vaults:4 | Reached XP level 22. HP: 208/211 MP: 29/29
 54076 | Vaults:4 | Reached skill level 21 in Crossbows
 54078 | Vaults:4 | Reached skill level 19 in Dodging
 55225 | Vaults:4 | Found Kereischi's Magic Scroll Boutique.
 55226 | Vaults:4 | Noticed Jorgrun
 55237 | Vaults:4 | Killed Jorgrun
 55274 | Vaults:4 | Bought a scroll of brand weapon for 240 gold pieces
 55276 | Vaults:4 | Bought a scroll of remove curse for 36 gold pieces
 55276 | Vaults:4 | Bought a scroll of fog for 24 gold pieces
 55276 | Vaults:4 | Bought a scroll of teleportation for 36 gold pieces
 55336 | Vaults:4 | Reached skill level 21 in Fighting
 55550 | Vaults:5 | Entered Level 5 of the Vaults
 55559 | Vaults:5 | Noticed an ancient lich
 55963 | Vaults:5 | Killed an ancient lich
 56314 | Vaults:4 | Reached skill level 11 in Invocations
 56641 | Vaults:5 | Paralysed by a sphinx for 7 turns
 57089 | Vaults:5 | Reached XP level 23. HP: 151/222 MP: 23/31
 57136 | Vaults:5 | Reached skill level 22 in Crossbows
 57144 | Vaults:5 | Got a pitted amber ring
 57153 | Vaults:5 | Identified the ring of Traaxeis {rN+ Dex+4 Int+3} (You found it on level 5 of the Vaults)
 57288 | Vaults:5 | Learned a level 5 spell: Phase Shift
 57369 | Vaults:5 | HP: 51/222 [titan (18)]
 57376 | Vaults:5 | Reached skill level 22 in Fighting
 57591 | Vaults:5 | Noticed Mara
 57597 | Vaults:5 | Reached skill level 1 in Spellcasting
 57607 | Vaults:5 | Noticed Bloax's illusion
 57620 | Vaults:5 | Killed Mara
 57663 | Vaults:5 | Found Wucwea Rumm's Antique Armour Shoppe.
 57667 | Vaults:5 | Reached skill level 2 in Spellcasting
 57672 | Vaults:5 | Learned a level 2 spell: Blink
 57674 | Vaults:5 | Learned a level 1 spell: Apportation
 57820 | Vaults:5 | Reached skill level 19 in Armour
 57822 | Vaults:5 | Noticed an ancient lich
 57831 | Vaults:5 | Killed an ancient lich
 57949 | Vaults:5 | Got a vibrating crystal amulet
 58077 | Vaults:5 | Got a silver rune of Zot
 58835 | Vaults:3 | Reached skill level 23 in Crossbows
 59100 | D:15     | Reached skill level 1 in Translocations
 59202 | Depths:1 | Entered Level 1 of the Depths
 59240 | Depths:1 | Reached skill level 2 in Translocations
 59484 | Depths:1 | Reached skill level 3 in Translocations
 59529 | Depths:1 | Found a gateway to Hell.
 59554 | Depths:1 | Found a one-way gate leading to the halls of Pandemonium.
 59609 | Depths:1 | Reached XP level 24. HP: 231/231 MP: 32/32
 59915 | Depths:1 | Got a steaming long sword
 59916 | Depths:1 | Identified the +11 long sword of Welfare {speed, rElec MR++ SInv} (You found it on level 1 of the Depths)
 60088 | Depths:2 | Reached skill level 4 in Translocations
 60263 | Depths:2 | Identified the amulet of Qeeradd {Stasis Int+2} (You took it off an ironbrand convoker on level 5 of the Vaults)
 60458 | Depths:2 | Reached skill level 5 in Translocations
 60962 | Depths:3 | Reached skill level 6 in Translocations
 60984 | Depths:3 | Found Gun Pran's Demolitions Depot.
 61216 | Depths:3 | Reached skill level 24 in Crossbows
 61359 | Depths:3 | Found a one-way gate to the infinite horrors of the Abyss.
 61579 | Depths:3 | Reached skill level 7 in Translocations
 62099 | Depths:4 | Noticed the Enchantress
 62102 | Depths:4 | Killed the Enchantress
 62105 | Depths:4 | Reached skill level 8 in Translocations
 62167 | Depths:4 | Got a faerie dragon armour
 62184 | Depths:4 | Identified the +1 faerie dragon armour {+Fly rC+ MR++ Curse} (You took it off the Enchantress on level 4 of the Depths)
 62991 | Depths:5 | Entered Level 5 of the Depths
 63018 | Depths:5 | Found a gateway to a ziggurat.
 63036 | Depths:5 | Reached XP level 25. HP: 208/238 MP: 32/32
 63210 | Depths:5 | Reached skill level 9 in Translocations
 63385 | Depths:5 | Reached skill level 20 in Armour
 63390 | Depths:5 | Reached skill level 25 in Crossbows
 63597 | Depths:5 | Got a crude halberd
 63598 | Depths:5 | Identified the cursed -2 halberd "Sihibal" {drain, +Blink rF++ MR+} (You found it on level 5 of the Depths)
 64422 | Depths:5 | Reached skill level 20 in Dodging
 64451 | Depths:5 | Found a gate to the Realm of Zot.
 64492 | Zot:1    | Entered Level 1 of the Realm of Zot
 65514 | Zot:2    | Reached skill level 21 in Armour
 65597 | Zot:2    | Reached skill level 23 in Fighting
 65704 | Zot:2    | Reached XP level 26. HP: 199/249 MP: 33/33
 66540 | Zig:1    | Entered Level 1 of a ziggurat
 66558 | Zig:2    | Entered Level 2 of a ziggurat
 66596 | Zig:3    | Entered Level 3 of a ziggurat
 66641 | Zig:4    | Entered Level 4 of a ziggurat
 66643 | Zig:4    | Noticed an orb of fire
 66653 | Zig:4    | Killed an orb of fire
 66689 | Zig:5    | Entered Level 5 of a ziggurat
 66696 | Zig:5    | Noticed Skophar the pandemonium lord
 66700 | Zig:5    | Killed Skophar the pandemonium lord
 66745 | Zig:6    | Entered Level 6 of a ziggurat
 66750 | Zig:6    | Noticed Zyuq the pandemonium lord
 66757 | Zig:6    | Killed Zyuq the pandemonium lord
 66805 | Zig:6    | Got a faintly glowing ivory amulet
 66806 | Zig:6    | Identified the amulet of Skic {rMut Int+1} (You found it on level 6 of a ziggurat)
 66818 | Zig:6    | Got a jewelled bardiche
 66819 | Zig:6    | Identified the +5 bardiche "Fukhled" {holy, rPois SInv} (You found it on level 6 of a ziggurat)
 66824 | Zig:7    | Entered Level 7 of a ziggurat
 66849 | Zig:7    | Reached skill level 21 in Dodging
 66909 | Zig:8    | Entered Level 8 of a ziggurat
 66932 | Zig:8    | Reached skill level 26 in Crossbows
 66990 | Zig:8    | Got a warped lapis lazuli ring
 66991 | Zig:8    | Identified the ring "Cliakepu" {+Fly rPois Slay+5 Stlth+} (You found it on level 8 of a ziggurat)
 67113 | Zig:9    | Entered Level 9 of a ziggurat
 67176 | Zig:9    | Identified a +2 pair of boots of running (You found it on level 9 of a ziggurat)
 67285 | Zig:10   | Entered Level 10 of a ziggurat
 67401 | Zig:10   | Got a slimy glass ring
 67403 | Zig:10   | Identified the ring of Purola {Int+4 Stlth-} (You found it on level 10 of a ziggurat)
 67586 | Zig:11   | Entered Level 11 of a ziggurat
 67619 | Zig:11   | Reached skill level 22 in Armour
 67899 | Zig:11   | Identified Xyol's Compendium of Orientation
 67904 | Zig:11   | Learned a level 3 spell: Portal Projectile
 67907 | Zig:11   | Identified Sif Muna's Disquisition on Earthen Conjuration
 67911 | Zig:11   | Got a twisted longbow
 67912 | Zig:11   | Identified the +1 longbow "Clereczy" {velocity, rC+ MR+ Dex+1 Int+2} (You found it on level 11 of a ziggurat)
 67919 | Zig:12   | Entered Level 12 of a ziggurat
 67959 | Zig:12   | Reached skill level 4 in Charms
 68065 | Zig:12   | Identified the Reference Book on Battle Magic (You found it on level 12 of a ziggurat)
 68075 | Zig:12   | Got a crude bronze ring
 68076 | Zig:12   | Identified the ring "Nefeogh" {+cTele +Fly Str+1} (You found it on level 12 of a ziggurat)
 68119 | Zig:13   | Entered Level 13 of a ziggurat
 68202 | Zig:13   | Reached skill level 6 in Necromancy
 68268 | Zig:13   | Reached skill level 12 in Invocations
 68268 | Zig:13   | Reached XP level 27. HP: 184/259 MP: 16/34
 68270 | Zig:13   | Got a fine brass ring
 68271 | Zig:13   | Identified the ring of Xom's Envy {+/*Tele rC- SInv} (You found it on level 13 of a ziggurat)
 68413 | Zig:14   | Entered Level 14 of a ziggurat
 68460 | Zig:14   | Reached skill level 5 in Charms
 68609 | Zig:15   | Entered Level 15 of a ziggurat
 68609 | Zig:15   | Noticed Herrn's ghost (legendary GrFi)
 68616 | Zig:15   | Killed Herrn's ghost
 68658 | Zig:15   | HP: 44/259 [Ice Fiend/torment (27)]
 68685 | Zig:15   | HP: 51/259 [white draconian knight/chilling blast (8)]
 68686 | Zig:15   | Reached skill level 7 in Necromancy
 68710 | Zig:15   | Reached skill level 22 in Dodging
 68871 | Zig:16   | Entered Level 16 of a ziggurat
 68887 | Zig:16   | Reached skill level 1 in Staves
 68890 | Zig:16   | Reached skill level 2 in Staves
 68894 | Zig:16   | Reached skill level 3 in Staves
 68899 | Zig:16   | Reached skill level 4 in Staves
 68905 | Zig:16   | Reached skill level 5 in Staves
 68912 | Zig:16   | Reached skill level 6 in Staves
 68919 | Zig:16   | Reached skill level 7 in Staves
 68951 | Zig:16   | Reached skill level 8 in Staves
 69009 | Zig:16   | Got a vibrating silver ring
 69010 | Zig:16   | Identified the ring "Seyplushro" {rPois Dex+4} (You found it on level 16 of a ziggurat)
 69015 | Zig:16   | Reached skill level 10 in Staves
 69105 | Zig:17   | Entered Level 17 of a ziggurat
 69110 | Zig:17   | Noticed Threps Klatz the pandemonium lord
 69110 | Zig:17   | Noticed Nevval the pandemonium lord
 69115 | Zig:17   | Noticed Zatzehigge the pandemonium lord
 69116 | Zig:17   | Noticed Plablok the pandemonium lord
 69116 | Zig:17   | Killed Threps Klatz the pandemonium lord
 69119 | Zig:17   | Killed Nevval the pandemonium lord
 69119 | Zig:17   | Reached skill level 11 in Staves
 69121 | Zig:17   | Noticed Moahiolu the pandemonium lord
 69122 | Zig:17   | Killed Plablok the pandemonium lord
 69127 | Zig:17   | Noticed Ygecaeh the pandemonium lord
 69127 | Zig:17   | Killed Zatzehigge the pandemonium lord
 69127 | Zig:17   | Reached skill level 12 in Staves
 69128 | Zig:17   | Noticed Kochoimn the pandemonium lord
 69131 | Zig:17   | Noticed Skilis the pandemonium lord
 69131 | Zig:17   | Killed Moahiolu the pandemonium lord
 69137 | Zig:17   | Killed Ygecaeh the pandemonium lord
 69137 | Zig:17   | Reached skill level 13 in Staves
 69141 | Zig:17   | Noticed Kiwouvuepn the pandemonium lord
 69142 | Zig:17   | Paralysed by a giant eyeball for 3 turns
 69145 | Zig:17   | Thanks!
 69153 | Zig:17   | Killed Skilis the pandemonium lord
 69153 | Zig:17   | Reached skill level 3 in Evocations
 69158 | Zig:17   | Killed Kiwouvuepn the pandemonium lord
 69158 | Zig:17   | Reached skill level 4 in Evocations
 69161 | Zig:17   | Killed Kochoimn the pandemonium lord
 69162 | Zig:17   | Reached skill level 5 in Evocations
 69169 | Zig:17   | Paralysed by a giant eyeball for 2 turns
 69172 | Zig:17   | Reached skill level 6 in Evocations
 69175 | Zig:17   | Reached skill level 7 in Evocations
 69366 | Zig:18   | Entered Level 18 of a ziggurat
 69514 | Zig:18   | Got an ancient steel ring
 69515 | Zig:18   | Identified the ring "Libamac" {Fire Int+3} (You found it on level 18 of a ziggurat)
 69524 | Zig:18   | Reached skill level 4 in Spellcasting
 69692 | Zig:18   | Upgraded the game from 0.15-a0-2265-gb33f7a6 to 0.15-a0-2293-g46567fe
 69699 | Zig:19   | Entered Level 19 of a ziggurat
 69717 | Zig:19   | Reached skill level 6 in Charms
 69725 | Zig:19   | Reached skill level 23 in Armour
 69766 | Zig:19   | HP: 61/257 [acid (7)]
 69774 | Zig:19   | HP: 53/257 [green draconian/runed halberd (12)]
 69879 | Zig:19   | Got a transparent platinum ring
 69880 | Zig:19   | Identified the ring of Virtue {rN+ Dex-3 Int+3} (You found it on level 19 of a ziggurat)
 69898 | Zig:19   | Identified the Incunabulum of Bewitchment and Conjuration
 70805 | Slime:1  | Entered Level 1 of the Pits of Slime
 70822 | Slime:1  | Reached skill level 8 in Necromancy
 71077 | Slime:6  | Entered Level 6 of the Pits of Slime
 71131 | Slime:6  | Found a viscous altar of Jiyva.
 71338 | Slime:6  | Noticed the royal jelly
 71379 | Slime:6  | Killed the royal jelly
 71379 | Slime:6  | Reached skill level 7 in Charms
 71484 | Slime:6  | Got a slimy rune of Zot
 71582 | Slime:6  | Got an encrusted cloak
 71594 | Slime:6  | Identified the cursed -3 cloak of Evolution {rPois rF+ Dex-3} (You found it on level 6 of the Pits of Slime)
 71655 | Slime:6  | Reached skill level 1 in Long Blades
 71660 | Slime:6  | Reached skill level 1 in Shields
 72365 | Depths:1 | Reached skill level 2 in Shields
 72462 | Depths:3 | Voluntarily entered the Abyss.
 72463 | Abyss:1  | Noticed a lich
 72464 | Abyss:1  | honey, i'm home!
 72468 | Abyss:1  | Killed a lich
 72468 | Abyss:1  | Reached skill level 2 in Long Blades
 72478 | Abyss:1  | Noticed a deep elf sorcerer
 72481 | Abyss:1  | Killed a deep elf sorcerer
 72488 | Abyss:1  | Reached skill level 3 in Shields
 72490 | Abyss:1  | Noticed a revenant
 72494 | Abyss:1  | Killed a revenant
 72494 | Abyss:1  | Reached skill level 3 in Long Blades
 72498 | Abyss:1  | Noticed a starcursed mass
 72501 | Abyss:1  | Paralysed by accursed screaming for 1 turns
 72504 | Abyss:1  | Paralysed by accursed screaming for 1 turns
 72506 | Abyss:1  | Killed a starcursed mass
 72507 | Abyss:1  | Killed a starcursed mass
 72507 | Abyss:1  | Killed a starcursed mass
 72508 | Abyss:1  | Killed a starcursed mass
 72509 | Abyss:1  | Killed a starcursed mass
 72510 | Abyss:1  | Killed a starcursed mass
 72512 | Abyss:1  | Killed a starcursed mass
 72513 | Abyss:1  | Killed a starcursed mass
 72542 | Abyss:1  | Noticed a Hell Sentinel
 72557 | Abyss:1  | Killed a Hell Sentinel
 72559 | Abyss:1  | Noticed a tentacled starspawn
 72563 | Abyss:1  | Killed a tentacled starspawn
 72563 | Abyss:1  | Reached skill level 4 in Long Blades
 72577 | Abyss:1  | Reached skill level 4 in Shields
 72601 | Abyss:1  | Found a corrupted altar of Lugonu.
 72606 | Abyss:1  | Noticed a bone dragon
 72620 | Abyss:1  | Killed a bone dragon
 72762 | Abyss:2  | Reached skill level 5 in Shields
 72767 | Abyss:3  | Found a corrupted altar of Lugonu.
 72876 | Abyss:4  | Reached skill level 5 in Long Blades
 73070 | Abyss:4  | Reached skill level 6 in Shields
 73089 | Abyss:4  | Reached skill level 6 in Long Blades
 73130 | Abyss:5  | Entered Level 5 of the Abyss
 73268 | Abyss:5  | Paralysed by accursed screaming for 1 turns
 73364 | Abyss:5  | Found a blossoming altar of Fedhas.
 73377 | Abyss:5  | Gained mutation: You are clumsy. (Dex -2) [a neqoxec]
 73405 | Abyss:5  | Reached skill level 7 in Shields
 73419 | Abyss:5  | Reached skill level 7 in Long Blades
 73624 | Abyss:5  | Reached skill level 8 in Long Blades
 73672 | Abyss:5  | Reached skill level 8 in Shields
 73842 | Abyss:5  | Reached skill level 27 in Crossbows
 73855 | Abyss:5  | Reached skill level 9 in Shields
 73876 | Abyss:5  | Reached skill level 9 in Long Blades
 73939 | Abyss:5  | Reached skill level 24 in Fighting
 74110 | Abyss:5  | Reached skill level 10 in Long Blades
 74110 | Abyss:5  | Reached skill level 10 in Shields
 74113 | Abyss:5  | Got an abyssal rune of Zot
 74158 | Abyss:5  | Found a corrupted altar of Lugonu.
 74171 | Abyss:5  | Found a corrupted altar of Lugonu.
 74188 | Depths:3 | Escaped the Abyss
 74189 | Depths:3 | Lost mutation: You are clumsy. (Dex -2) [potion of cure mutation]
 74442 | Zot:2    | Reached skill level 11 in Long Blades
 74467 | Zot:2    | Reached skill level 11 in Shields
 74924 | Zot:3    | Reached skill level 12 in Long Blades
 75120 | Zot:3    | Reached skill level 12 in Shields
 75805 | Zot:4    | Reached skill level 25 in Fighting
 75839 | Zot:4    | Reached skill level 13 in Long Blades
 75943 | Zot:4    | Reached skill level 13 in Shields
 76397 | Zot:5    | Entered Level 5 of the Realm of Zot
 76453 | Zot:5    | Reached skill level 14 in Long Blades
 76468 | Zot:5    | Reached skill level 14 in Shields
 76506 | Zot:5    | Noticed an ancient lich
 76517 | Zot:5    | Killed an ancient lich
 76526 | Zot:5    | Noticed an ancient lich
 76527 | Zot:5    | Noticed an ancient lich
 76535 | Zot:5    | Killed an ancient lich
 76541 | Zot:5    | Killed an ancient lich
 76693 | Zot:5    | Reached skill level 15 in Long Blades
 76699 | Zot:5    | Noticed an ancient lich
 76715 | Zot:5    | Killed an ancient lich
 76715 | Zot:5    | Reached skill level 15 in Shields
 76733 | Zot:5    | Noticed an orb of fire
 76736 | Zot:5    | Gained mutation: You have a fast metabolism. [an orb of fire]
 76738 | Zot:5    | Gained mutation: You have a very fast metabolism. [an orb of fire]
 76740 | Zot:5    | Reached skill level 26 in Fighting
 76747 | Zot:5    | Killed an orb of fire
 76761 | Zot:5    | Lost mutation: You have a very fast metabolism. [potion of cure mutation]
 76761 | Zot:5    | Lost mutation: You have a fast metabolism. [potion of cure mutation]
 76852 | Zot:5    | Noticed an ancient lich
 76856 | Zot:5    | Killed an ancient lich
 76857 | Zot:5    | Reached skill level 16 in Long Blades
 76951 | Zot:5    | Reached skill level 24 in Armour
 77373 | Pan      | Entered Pandemonium
 77390 | Pan      | Reached skill level 10 in Translocations
 77604 | Pan      | Found an exit through the horrors of the Abyss.
 77696 | Pan      | Noticed Relaekh the pandemonium lord
 77700 | Pan      | Killed Relaekh the pandemonium lord
 77755 | Depths:3 | Escaped Pandemonium
 77757 | Pan      | Entered Pandemonium
 77808 | Pan      | Found an exit through the horrors of the Abyss.
 78125 | Pan      | Gained mutation: Your body is slowly deteriorating. [a neqoxec]
 78135 | Pan      | Reached skill level 11 in Translocations
 78155 | Pan      | eat a dick shitheads
 78408 | Pan      | Got a faintly glowing brass ring
 78588 | Pan      | Reached skill level 27 in Fighting
 78598 | Pan      | Entered the realm of Lom Lobon.
 78675 | Pan      | Noticed Lom Lobon
 78687 | Pan      | Killed Lom Lobon
 78687 | Pan      | Paralysed by a wizard for 6 turns
 78779 | Pan      | Got a magical rune of Zot
 78795 | Pan      | Reached skill level 25 in Armour
 78886 | Pan      | Reached skill level 12 in Translocations
 79204 | Pan      | Noticed Domoamn the pandemonium lord
 79211 | Pan      | Killed Domoamn the pandemonium lord
 79272 | Pan      | Lost mutation: Your body is slowly deteriorating. [potion of cure mutation]
 79474 | Pan      | Reached skill level 13 in Translocations
 79726 | Pan      | Gained mutation: Your magical capacity is low (-10% MP). [a neqoxec]
 79729 | Pan      | Gained mutation: You possess an exceptional clarity of mind. [a cacodemon]
 79731 | Pan      | Gained mutation: You have a fast metabolism. [a cacodemon]
 79804 | Pan      | Found an exit through the horrors of the Abyss.
 79849 | Pan      | Took an exit into the Abyss.
 79849 | Abyss:1  | Escaped into the Abyss
 79931 | Abyss:1  | Identified the ring of Thretsooll {Dex+5 Stlth+} (You took it off a black sun in Pandemonium)
 80239 | Abyss:3  | Gained mutation: You have difficulty communicating with the divine. [a neqoxec]
 80364 | Abyss:4  | Learned a level 2 spell: Repel Missiles
 80413 | Abyss:5  | Entered Level 5 of the Abyss
 80445 | Abyss:5  | Found an iron altar of Okawaru.
 80490 | Depths:3 | Escaped the Abyss
 81414 | Vaults:3 | Reached skill level 14 in Translocations
 81788 | Pan      | Entered Pandemonium
 81866 | Pan      | Found an exit through the horrors of the Abyss.
 81948 | Pan      | Reached skill level 26 in Armour
 82116 | Pan      | Noticed Qutoduom the pandemonium lord
 82174 | Pan      | Got a demonic rune of Zot
 82242 | Pan      | Found an exit through the horrors of the Abyss.
 82388 | Pan      | Noticed Psoqorchi the pandemonium lord
 82399 | Pan      | Killed Psoqorchi the pandemonium lord
 82431 | Pan      | Reached skill level 15 in Translocations
 82723 | Pan      | Noticed Aqewuq the pandemonium lord
 82727 | Pan      | Killed Aqewuq the pandemonium lord
 82841 | Pan      | Gained mutation: You occasionally shout uncontrollably at your foes. [a cacodemon]
 82877 | Pan      | Found an exit through the horrors of the Abyss.
 83025 | Pan      | Reached skill level 5 in Spellcasting
 83126 | Pan      | Found an exit through the horrors of the Abyss.
 83275 | Pan      | Found an exit through the horrors of the Abyss.
 83423 | Pan      | Noticed Trydghar the pandemonium lord
 83424 | Pan      | Killed Trydghar the pandemonium lord
 83451 | Pan      | Gained mutation: Your muscles are strong. (Str +2) [a cacodemon]
 83452 | Pan      | Gained mutation: You have a very fast metabolism. [a cacodemon]
 83518 | Pan      | Noticed Skantoank the pandemonium lord
 83522 | Pan      | Cast into the Abyss (Skantoank)
 83542 | Abyss:1  | Reached skill level 6 in Spellcasting
 83546 | Abyss:1  | Reached skill level 16 in Translocations
 83587 | Abyss:1  | Noticed an ancient lich
 83598 | Abyss:1  | Killed an ancient lich
 83645 | Pan      | Escaped the Abyss
 83659 | Pan      | Killed Skantoank the pandemonium lord
 83863 | Pan      | Reached skill level 7 in Spellcasting
 83868 | Pan      | Entered the realm of Cerebov.
 83868 | Pan      | Found an exit through the horrors of the Abyss.
 83984 | Pan      | Noticed Ignacio
 83990 | Pan      | Killed Ignacio
 84042 | Pan      | eating pandemonium pizza in the pandemonium
 84042 | Pan      | in a pandemonium lord castle
 84062 | Pan      | Noticed Cerebov
 84091 | Pan      | HP: 67/270 [Cerebov/great serpentine sword (3)]
 84093 | Pan      | HP: 3/270 [Cerebov/great blast of fire (54)]
 84093 | Pan      | Killed from afar by a balrug

Vanquished Creatures
  the royal jelly (Slime:6)
  Ignacio (Pan)
  Lom Lobon (Pan)
  2 orbs of fire
  The ghost of Herrn the Axe Maniac, a legendary GrFi of Zin (Zig:15)
  8 ancient liches
  Saint Roka (Orc:3)
  A curse toe (Zot:2)
  Sojobo (Vaults:3)
  17 pandemonium lords
  Margery (Vaults:4)
  Norris (Vaults:1)
  16 Killer Klowns
  Mara (Vaults:5)
  A profane servitor (Zig:12)
  10 golden dragons
  5 bone dragons
  the Enchantress (Depths:4)
  3 Brimstone Fiends (Pan)
  Nikola (Shoals:4)
  4 electric golems
  Arachne (Spider:3)
  9 Hell Sentinels
  2 hellephants (Abyss:5)
  9 Ice Fiends
  25 Orb Guardians (Zot:5)
  15 tentacled monstrosities
  A quicksilver dragon (shapeshifter) (Zig:5)
  9 titans
  3 deep elf master archers
  4 deep elf blademasters
  5 Shadow Fiends (Pan)
  An octopode crusher (Depths:2)
  5 sphinxes
  17 acid blobs
  A quicksilver dragon (Zig:16)
  9 liches
  A kraken (Shoals:4)
  17 tentacled starspawn
  Polyphemus (Shoals:2)
  23 storm dragons
  An eldritch tentacle (Zig:17)
  A shadow dragon (shapeshifter) (Zig:17)
  8 Executioners (Pan)
  8 tengu reavers
  3 daevas
  Kirke (Spider:1)
  10 shadow dragons
  6 thorn hunters
  An ancient champion (Zig:12)
  15 azure jellies
  14 fire giants
  6 draconian monks
  10 greater nagas (Zig:16)
  4 revenants
  12 ghost moths
  16 frost giants
  Wiglaf (Shoals:4)
  13 vault wardens
  2 orc warlords (Orc:4)
  A deep elf sorcerer (Abyss:1)
  6 draconian knights
  16 draconian zealots
  12 draconian scorchers
  Aizul (Lair:6)
  Louise (Vaults:2)
  4 iron dragons
  13 emperor scorpions
  9 cacodemons
  3 ghouls
  20 balrugs
  29 stone giants
  7 reapers
  4 warmongers (Pan)
  Jorgrun (Vaults:4)
  8 draconian shifters
  4 draconian annihilators
  3 spriggan defenders (Depths:4)
  9 deep elf demonologists
  A stone giant (shapeshifter) (Zig:17)
  A curse skull (Vaults:3)
  5 draconian callers
  3 war gargoyles (Vaults:5)
  11 deep elf annihilators
  7 blood saints (Pan)
  10 grey draconians
  2 corrupters (Pan)
  4 lorocyprocas (Pan)
  9 yellow draconians
  7 green draconians
  6 chaos champions (Pan)
  8 mottled draconians
  11 pale draconians
  5 eidola
  5 purple draconians
  5 black suns (Pan)
  9 white draconians
  9 dire elephants
  9 red draconians
  11 black draconians
  13 ettins
  Snorg (Vaults:2)
  8 blizzard demons
  2 crystal guardians (Vaults:4)
  11 green deaths
  9 merfolk javelineers
  14 fire dragons
  14 merfolk impalers
  6 death oozes
  34 vault guards
  3 deep elf death magi
  5 deep elf high priests
  4 minotaurs
  A minotaur (shapeshifter) (Vaults:5)
  25 yaktaur captains
  18 ogre magi
  3 rakshasas
  15 great orbs of eyes
  A ravenous feature mimic (Abyss:5)
  A naga warrior (Zig:16)
  21 ironheart preservers
  12 hydras
  9 death cobs
  4 spriggan air magi
  15 monstrous demonspawn (Pan)
  Nessos (Shoals:2)
  2 shambling mangroves (Zig:18)
  A ghost crab (shapeshifter) (Depths:3)
  An anaconda (shapeshifter) (Zig:5)
  13 ice dragons
  7 sirens
  A ravenous item mimic (Spider:5)
  2 alligator snapping turtles
  Erica (D:12)
  17 centaur warriors
  4 anacondas (Zig:16)
  9 deep troll earth magi
  An alligator snapping turtle (shapeshifter) (Vaults:5)
  7 merfolk aquamancers
  2 alligators (Zig:18)
  A dancing weapon (Zig:13)
  3 ghost crabs
  A death knight (Abyss:5)
  3 vampire magi
  15 death yaks
  A hell hog (Zig:10)
  4 satyrs
  11 deep troll shamans
  2 shock serpents (Zig:16)
  A titan zombie (Zig:13)
  4 tengu warriors
  3 orc high priests
  6 spriggan berserkers
  17 very ugly things
  24 thrashing horrors
  Nergalle (D:10)
  19 sun demons
  An iron golem (Zig:13)
  A storm dragon zombie (Vaults:4)
  Erolcha (Vaults:2)
  5 shadow demons
  4 skeletal warriors
  14 wretched stars
  4 soul eaters (Pan)
  2 catoblepae
  3 iron trolls
  A salamander mystic (Zig:16)
  32 deep trolls
  14 ice devils
  A storm dragon skeleton (Zig:9)
  A golden dragon zombie (Zig:13)
  15 deep elf knights
  A sea snake (shapeshifter) (Vaults:5)
  The ghost of Gekot the Thaumaturge, an experienced DECj of Sif Muna (D:9)
  4 fire crabs
  22 hell knights
  17 sea snakes
  7 ball lightnings (Pan)
  4 shadow wraiths
  A spriggan druid (Zig:18)
  6 spatial maelstroms
  10 wizards
  22 orb spiders
  5 giant orange brains
  18 ironbrand convokers
  3 death drakes
  7 unseen horrors
  2 ice statues
  7 flayed ghosts
  10 infernal demonspawn (Pan)
  25 orc knights
  A quicksilver dragon simulacrum (Zig:15)
  11 hill giants
  26 hellions
  A spectral minotaur (Zig:2)
  Pikel (D:5)
  5 swamp dragons (Zig:18)
  19 necromancers
  15 deep elf summoners
  2 shadow dragon zombies (Zig:10)
  9 gelid demonspawn (Pan)
  14 putrid demonspawn (Pan)
  68 large abominations
  A lindwurm (Zig:3)
  9 torturous demonspawn (Pan)
  A swamp dragon (shapeshifter) (Zig:6)
  29 harpies
  A shining eye (shapeshifter) (Vaults:1)
  7 phantasmal warriors
  A wolf spider (shapeshifter) (Zig:17)
  5 oklob plants (Zig:13)
  A mana viper (Zig:16)
  34 moths of wrath
  3 frost giant zombies
  12 deep elf conjurers
  10 orc sorcerers
  A stone giant zombie (Depths:1)
  2 fire giant zombies
  4 worldbinders
  6 water nymphs
  15 cyclopes
  17 griffons
  A sphinx skeleton (Zig:9)
  3 draconian zombies
  42 wolf spiders
  8 manticores
  20 fauns
  A faun (shapeshifter) (Vaults:5)
  A salamander (Zig:16)
  26 elephants
  2 mermaids (shapeshifter)
  3 shining eyes
  A frost giant skeleton (Zig:9)
  2 fire giant skeletons (Zig:9)
  10 red wasps
  34 sixfirhies
  10 mermaids
  An eye of devastation (Slime:2)
  An elephant (shapeshifter) (Vaults:1)
  14 vault sentinels
  A draconian skeleton (Zig:19)
  3 spriggan zombies
  5 guardian serpents
  26 orange demons
  12 black mambas
  9 apocalypse crabs
  A queen ant (Lair:3)
  2 torpor snails (Spider:2)
  35 smoke demons
  14 iron devils
  A spiny frog (shapeshifter) (Depths:1)
  2 gargoyles
  6 tormentors
  3 naga magi (Zig:16)
  5 efreet
  A red draconian zombie (Zig:7)
  6 kobold demonologists
  A yaktaur (shapeshifter) (Abyss:1)
  A yellow draconian zombie (Zig:7)
  7 fire drakes
  10 komodo dragons
  21 spiny frogs
  20 demonic crawlers
  2 fire drakes (shapeshifter)
  26 freezing wraiths
  A golden dragon simulacrum (Abyss:5)
  18 hellwings
  A ghoul skeleton (Vaults:2)
  26 red devils
  A yaktaur skeleton (Depths:1)
  5 blue devils
  75 yaktaurs
  Grinder (D:3)
  A queen bee (shapeshifter) (D:15)
  9 trolls
  2 tengu conjurers
  12 ancient zymes
  15 deep elf priests
  50 merfolk
  2 hell beasts (Pan)
  A wolf spider simulacrum (IceCv)
  4 wandering mushrooms (WizLab)
  2 giant leeches (Zig:18)
  5 wind drakes
  Sonja (D:13)
  A hydra zombie (D:12)
  4 bog bodies (Zig:18)
  8 polar bears
  A moth of wrath zombie (Zot:5)
  32 two-headed ogres
  2 silent spectres
  32 jumping spiders
  The ghost of Qrupt the Cutter, an average HaFi of Okawaru (D:4)
  11 ravens
  2 blink frogs (shapeshifter) (D:14)
  31 blink frogs
  10 boulder beetles
  19 raiju
  2 basilisks
  10 wraiths
  A frost giant simulacrum (Zig:15)
  2 yaks (shapeshifter)
  16 trapdoor spiders
  A fire giant simulacrum (Abyss:4)
  13 snapping turtles
  An iron dragon simulacrum (Zig:15)
  An ettin zombie (Zig:9)
  A flying skull (Zig:12)
  53 redbacks
  A trapdoor spider (shapeshifter) (Vaults:5)
  87 slime creatures
  6 vampires
  27 tarantellas
  12 air elementals
  3 shadows
  3 human skeletons
  A wyvern (D:15)
  70 yaks
  19 ynoxinuls
  7 spriggans
  14 hogs
  3 ugly thing zombies
  20 water elementals
  Eustachio (Orc:1)
  2 tarantellas (shapeshifter)
  2 fire bats (shapeshifter)
  4 fire elementals
  A hog (shapeshifter) (Vaults:4)
  57 ugly things
  4 golden eyes
  A hippogriff (shapeshifter) (Vaults:1)
  3 hungry ghosts
  16 deep elf magi
  12 hippogriffs
  A yaktaur simulacrum (Vaults:1)
  23 deep elf fighters
  34 neqoxecs
  3 steam dragons (Lair:8)
  18 fire bats
  34 wolves
  12 chaos spawn
  2 humans (shapeshifter)
  2 nagas (Zig:16)
  A harpy simulacrum (Abyss:3)
  22 vampire mosquitoes
  16 humans
  13 wargs
  11 human zombies
  Edmund (D:7)
  5 spatial vortices (Abyss:5)
  31 small abominations
  3 mottled dragons
  A sky beast (shapeshifter) (Vaults:5)
  3 soldier ants (Lair:3)
  13 hell hounds
  13 porcupines
  8 necrophages
  8 black bears
  82 orc warriors
  4 sky beasts
  25 spiders
  An ettin simulacrum (Vaults:2)
  5 phantoms
  A manticore zombie (D:15)
  6 swamp drakes
  58 starcursed masses
  26 water moccasins
  An ice beast (shapeshifter) (D:15)
  43 centaurs
  14 yellow wasps
  3 boggarts (Vaults:1)
  A boring beetle (Lair:8)
  17 crocodiles
  72 ogres
  13 ice beasts
  Sigmund (D:2)
  Duvessa (D:5)
  The ghost of DeepElves the Magician, an average DEIE (D:5)
  14 big kobolds
  A wyvern zombie (D:12)
  A cyclops zombie (Vaults:2)
  2 insubstantial wisps
  A brain worm (D:13)
  22 giant frogs
  2 earth elementals (WizLab)
  A komodo dragon skeleton (D:15)
  A glowing shapeshifter simulacrum (Vaults:2)
  A water moccasin skeleton (D:4)
  11 scorpions
  2 eyes of draining (shapeshifter) (Vaults:1)
  A tengu simulacrum (D:14)
  2 troll zombies
  2 human simulacra (Vaults:3)
  5 eyes of draining
  24 killer bees
  A troll skeleton (D:7)
  8 wights
  2 vampire bats (Abyss:5)
  3 electric eels
  23 crimson imps
  Dowan (D:5)
  A centaur zombie (D:9)
  2 draconian simulacra (IceCv)
  2 centaur skeletons
  5 quasits
  A goliath beetle (D:9)
  15 jellies
  21 hounds
  Crazy Yiuf (D:7)
  4 elf zombies
  34 orc priests
  3 two-headed ogre skeletons
  7 iron imps
  19 orange rats
  A two-headed ogre zombie (D:6)
  8 iguanas
  45 orc wizards
  A polar bear simulacrum (IceCv)
  41 worker ants
  A lightning spire (Zig:8)
  3 spriggan simulacra (IceCv)
  9 troll simulacra (IceCv)
  2 wolf simulacra (IceCv)
  A mottled dragon zombie (D:10)
  18 sheep
  Ijyb (D:2)
  A necrophage skeleton (Vaults:2)
  2 ogre skeletons
  2 ogre zombies
  A big kobold skeleton (D:4)
  A hound zombie (D:6)
  2 mummies
  36 adders
  6 naga simulacra (IceCv)
  82 green rats
  12 gnolls
  10 shadow imps
  21 white imps
  2 giant mites
  4 worms
  32 ufetubi
  7 orc zombies (Orc:4)
  An iguana skeleton (D:7)
  An iguana zombie (D:5)
  A giant eyeball (Zig:17)
  9 giant geckos
  4 oozes
  270 orcs
  5 ball pythons
  12 bats
  A bat zombie (D:7)
  5 giant cockroaches
  33 hobgoblins
  14 jackals
  49 kobolds
  6 quokkas
  3 giant newts
  2 giant spores
  37 goblins
  A goblin skeleton (D:4)
  2 orc skeletons
  17 rats
  A rat zombie (D:6)
  14 ballistomycetes
  6 butterflies
  6 crawling corpses
  5 fungi
  2 grand avatars (Pan)
  7 plants
  14 starspawn tentacles
  2 starspawn tentacle segments
  4 tentacles (Shoals:4)
  11 toadstools (WizLab)
4752 creatures vanquished.

Vanquished Creatures (collateral kills)
  A wolf spider (Spider:3)
  A jumping spider (Spider:3)
  2 orc warriors (Orc:4)
4 creatures vanquished.

Vanquished Creatures (others)
  A quicksilver dragon (shapeshifter) (Zig:17)
  An Executioner (Pan)
  Ilsuiw (Shoals:5)
  A draconian monk (Zig:19)
  A draconian knight (Zig:19)
  A fire dragon (Zig:4)
  A hydra (Zig:18)
  An ogre mage (Abyss:5)
  A titan zombie (Zig:10)
  A thrashing horror (Abyss:1)
  A guardian serpent (Zig:16)
  A sixfirhy (Pan)
  A drowned soul (Shoals:5)
  A spriggan zombie (Zig:13)
  2 spiny frogs (Zig:18)
  2 black mambas (Zig:16)
  A purple draconian zombie (Zot:4)
  A water elemental (Orc:4)
  A raven (Zig:18)
  A fire bat (Abyss:5)
  A deep elf fighter (Vaults:4)
  A spatial vortex (Abyss:5)
  A soldier ant (shapeshifter) (Zig:17)
  2 slaves (D:5)
  2 small abominations
  An orc warrior (Orc:4)
  An ogre (Vaults:5)
  A cyclops skeleton (Vaults:2)
  2 human zombies
  2 orange rats
  A green rat (Zig:3)
  A worm (D:5)
  2 ufetubi (Pan)
  A giant spore (D:8)
  A lurking horror (Abyss:5)
  A butterfly (Pan)
  23 eldritch tentacle segments (Zig:17)
  6 fungi
  9 plants
  37 starspawn tentacles
  245 starspawn tentacle segments
  4 tentacles (Shoals:4)
  94 tentacle segments (Shoals:4)
  17 toadstools (WizLab)
478 creatures vanquished.

Grand Total: 5234 creatures vanquished
